AoeStats
← St. Stacy

Arena

504122542Analyzed
1v1 RM · 29d ago on Sep 4, 2026· 53m 2s· 2 players
Game mode
Random Map
Map size
Tiny (2 player)
Population
200
Speed
Normal
Resources
Standard
Victory
Conquest
Starting age
Dark Age
Ending age
Imperial Age
RankedLock teamsTeams togetherTeam positionsShared explorationLock speedFull tech treeHidden civsTurbo modeCheats
Victory
Defeat
🇨🇱 Dravidians · Chile
727
+18
🇬🇧 Malians · United Kingdom
770
-18
Avero
3:49 Loom
3:55 Loom
12:10 Feudal Age
14:57 Double-Bit Axe
14:55 Horse Collar
15:43 Stone Mining
15:44 Gold Mining
18:04 Castle Age
16:42 Stone Mining
16:44 Gold Mining
20:12 Bow Saw
20:04 Heavy Plow
22:45 Fletching
22:55 Padded Archer Armor
24:15 Town Watch
25:21 Wheelbarrow
25:56 Town Patrol
26:53 Hand Cart
27:22 Bodkin Arrow
27:42 Leather Archer Armor
30:35 Scale Mail Armor
30:05 Pikeman
30:46 Squires
30:13 Crossbowman
31:00 Thumb Ring
35:12 Imperial Age
35:22 Forging
35:18 Scale Barding Armor
35:28 Chain Mail Armor
35:29 Forging
35:24 Scale Barding Armor
35:42 Ballistics
35:42 Medical Corps
36:59 Bracer
37:29 Ring Archer Armor
36:31 Elite Elephant Archer
38:31 Elite Urumi Swordsman
39:31 Wootz Steel
40:31 Conscription
43:34 Iron Casting
43:19 Chain Barding Armor
43:30 Plate Mail Armor
49:20 Hoardings
49:50 Blast Furnace
49:00 Arbalester
St. Stacy
3:14 Loom
11:05 Feudal Age
11:31 Double-Bit Axe
11:27 Horse Collar
15:34 Wheelbarrow
16:28 Forging
21:11 Castle Age
19:30 Man-at-Arms
20:27 Scale Mail Armor
21:46 Bloodlines
22:15 Bow Saw
22:21 Heavy Plow
23:06 Pikeman
24:03 Long Swordsman
26:12 Chain Mail Armor
27:30 Hand Cart
31:19 Tigui
31:07 Elite Skirmisher
32:56 Arson
33:57 Thumb Ring
33:44 Fletching
34:40 Masonry
35:07 Ballistics
37:44 Imperial Age
36:47 Murder Holes
38:32 Iron Casting
37:59 Capped Ram
38:54 Two-Handed Swordsman
40:15 Bodkin Arrow
40:21 Padded Archer Armor
39:48 Heavy Camel Rider
Connection lost

Rejoining the realm…

Still unreachable

The connection could not be restored.

Session expired

The server has moved on; the page needs a fresh start.